 Dungeon Crawl Stone Soup version 0.18.1-1-g2f07953 (webtiles) character file.

5870 Danakh the Fighter (level 10, -2/68 HPs)
             Began as a Gargoyle Gladiator on May 21, 2016.
             Was an Initiate of Ru.
             Killed by nerve-wracking pain
             ... invoked by an orc priest
              (6 damage)
             ... on level 9 of the Dungeon.
             The game lasted 00:21:56 (8097 turns).

Danakh the Fighter (Gargoyle Gladiator)             Turns: 8097, Time: 00:21:56

Health: -2/68      AC: 20    Str: 23    XL:     10   Next: 81%
Magic:  10/10      EV:  9    Int:  8    God:    Ru [......]
Gold:   462        SH:  2    Dex: 14    Spells: 0 memorised, 9 levels left

rFire  . . .     SeeInvis .     O - +1 flail (crush)
rCold  . . .     Gourm    .     s - +0 chain mail
rNeg   + . .     Faith    .     (no shield)
rPois  ∞         Spirit   .     c - +0 helmet
rElec  +         Dismiss  .     y - +2 cloak
rCorr  .         Reflect  +     G - +0 pair of gloves
SustAt +         Harm     .     (no boots)
MR     .....                    h - +2 amulet of reflection
Stlth  ..........               k - +4 ring of dexterity
                                v - ring of sustain attributes

@: not resistant to hostile enchantments, extremely unstealthy
A: deformed body, mutation resistance 1, negative energy resistance 1,
electricity resistance, unbreathing, petrification resistance, rot immunity,
subdued magic 1, AC +7
a: Renounce Religion


You were on level 9 of the Dungeon.
You worshipped Ru.
Ru was noncommittal.
You were hungry.

You visited 2 branches of the dungeon, and saw 10 of its levels.

You collected 462 gold pieces.

Inventory:

Hand Weapons
 O - a +1 flail of crushing (weapon)
Missiles
 d - 3 throwing nets (quivered)
Armour
 c - a +0 helmet (worn)
 s - a +0 chain mail (worn)
 y - a +2 cloak (worn)
 G - a +0 pair of gloves (worn)
Jewellery
 h - a +2 amulet of reflection (around neck)
 k - a +4 ring of dexterity (right hand)
 v - a ring of sustain attributes (left hand)
Wands
 H - a wand of lightning (8/15)
 L - a wand of lightning (10/15)
 Q - a wand of slowing (24/48)
 S - a wand of slowing (23/48)
Scrolls
 e - 5 scrolls of enchant weapon {unknown}
 g - 4 scrolls of amnesia {unknown}
 i - 2 scrolls of fear {unknown}
 j - 8 scrolls of identify {unknown}
 l - 3 scrolls of teleportation {unknown}
 p - 2 scrolls of remove curse {unknown}
 q - 4 scrolls of enchant armour {unknown}
 r - 2 scrolls of recharging {unknown}
 u - 2 scrolls of random uselessness {unknown}
 z - 3 scrolls of immolation {unknown}
 A - 2 scrolls of magic mapping {unknown}
 E - 3 scrolls of blinking {unknown}
 F - 2 scrolls of fog {unknown}
 J - 2 scrolls of noise {unknown}
Potions
 a - a potion of ambrosia {unknown}
 b - 3 potions of flight {unknown}
 o - a potion of resistance {unknown}
 t - 4 potions of brilliance {unknown}
 w - a potion of agility {unknown}
 x - a potion of curing {unknown}
 B - a potion of degeneration {unknown}
 C - 2 potions of heal wounds {unknown}
 D - a potion of magic {unknown}
 K - a potion of berserk rage {unknown}
 M - 2 potions of lignification {unknown}
 P - a potion of haste {unknown}
Books
 I - a book of Callings

   Spells                             Type                      Level
   a - Summon Small Mammal            Summoning                    1
   b - Call Imp                       Summoning                    2
   c - Call Canine Familiar           Summoning                    3
   d - Summon Guardian Golem          Hexes/Summoning              3
   e - Summon Lightning Spire         Summoning/Air                4
   f - Summon Ice Beast               Ice/Summoning                4
 N - a book of the Tempests

   Spells                             Type                      Level
   a - Static Discharge               Conjuration/Air              3
   b - Lightning Bolt                 Conjuration/Air              5
   c - Fireball                       Conjuration/Fire             5
   d - Tornado                        Air                          9
   e - Shatter                        Earth                        9
Comestibles
 f - 5 bread rations
 m - 6 fruits
 n - 3 meat rations
 R - a slice of pizza
 T - a chunk of flesh


   Skills:
 + Level 10.2 Fighting
 + Level 9.7 Maces & Flails
 - Level 1.7 Throwing
 + Level 9.9 Armour
 - Level 2.4 Dodging


You had 9 spell levels left.
You didn't know any spells.

Dungeon Overview and Level Annotations

Branches:
Dungeon (9/15)             Temple (1/1) D:7
   Lair: D:8-11         Orc: D:9-12

Altars:
Ashenzari
Cheibriados
Elyvilon
Fedhas
Gozag
Kikubaaqudgha
Makhleb
Nemelex Xobeh
Okawaru
Pakellas
Qazlal
Ru
Sif Muna
Trog
Vehumet
Xom
Yredelemnul
Zin
The Shining One

Shops:
D:5 *   D:7 *(!

Annotations:
D:5 moogleknight's ghost, novice DDFi
D:7 ARFLORD's ghost, novice HuFi


Innate Abilities, Weirdness & Mutations

You are resistant to torment.
Your stone body is resilient (AC +7).
You are immune to poison.
You resist negative energy.
You are resistant to electric shocks.
You can survive without breathing.
You are immune to petrification.
You are immune to rotting.
Armour fits poorly on your strangely shaped body.
You are somewhat resistant to further mutation.
Your spells are a little easier to cast, but a little less powerful.


Message History

Okay, then.
You hit the orc priest but do no damage.
The orc priest is moderately wounded.
You block the water moccasin's attack.
The orc priest hits you but does no damage.
The water moccasin barely misses you.
You closely miss the orc priest.
The orc priest is moderately wounded.
The orc priest hits you but does no damage.
The water moccasin bites you but does no damage.
You closely miss the orc priest.
The orc priest is moderately wounded.
You block the water moccasin's attack.
The orc priest hits you but does no damage.
You hit the orc priest but do no damage.
The orc priest is moderately wounded.
The water moccasin bites you but does no damage.
The orc priest calls down the wrath of Beogh upon you.
Pain shoots through your body!
You die...

#
######.####.##
# #......# #
#.####.# # #÷#
#.# # #.# #.#
..# #.# #.#
.## #.# #.# .#
#(####.# .....
#.(@o#.# #####
####S#
#o...!%..
....#.##.
....## ####.#
#§ §


You could see a water moccasin, an orc priest and an orc.

Vanquished Creatures
  Pikel (D:7)
  An ugly thing (D:9)
  A two-headed ogre (D:8)
  A slime creature (D:8)
  3 yaks (D:9)
  A hippogriff (D:7)
  A water moccasin (D:8)
  An orc warrior (D:7)
  A slave (D:7)
  A sky beast (D:7)
  2 ice beasts
  2 centaurs
  3 ogres
  A big kobold (D:9)
  5 giant frogs
  9 killer bees
  6 scorpions
  8 wights
  3 howler monkeys (D:4)
  5 crimson imps
  A centaur zombie (D:6)
  2 quasits
  6 hounds
  2 orc priests
  Crazy Yiuf (D:6)
  A centaur skeleton (D:5)
  9 jellies
  10 orc wizards
  4 iguanas
  4 worker ants (D:4)
  A killer bee zombie (D:7)
  A hound zombie (D:6)
  A hound skeleton (D:4)
  13 adders
  8 gnolls
  2 shadow imps
  12 oozes
  4 adder skeletons
  A worm (D:3)
  2 dart slugs (D:3)
  3 giant geckos
  31 orcs
  3 ball pythons
  2 giant cockroaches
  16 goblins
  13 hobgoblins
  6 jackals
  3 quokkas
  8 bats
  7 giant newts
  2 gnoll zombies (D:8)
  9 kobolds
  9 rats
  A fungus (D:6)
254 creatures vanquished.

Vanquished Creatures (others)
  2 slaves (D:7)
  2 adders (D:6)
  2 orcs
  A ball python (D:6)
  A giant cockroach (D:6)
  A giant newt (D:6)
  8 fungi (D:8)
17 creatures vanquished.

Grand Total: 271 creatures vanquished

Notes
Turn   | Place    | Note
--------------------------------------------------------------
     0 | D:1      | Danakh the Gargoyle Gladiator began the quest for the Orb.
     0 | D:1      | Reached XP level 1. HP: 12/12 MP: 1/1
    38 | D:1      | Reached skill level 1 in Armour
    44 | D:1      | Reached XP level 2. HP: 17/18 MP: 2/2
   445 | D:1      | Reached XP level 3. HP: 21/22 MP: 3/3
   575 | D:2      | Reached skill level 3 in Fighting
   629 | D:2      | Reached XP level 4. HP: 24/28 MP: 4/4
  1000 | D:3      | Reached XP level 5. HP: 32/32 MP: 5/5
  1359 | D:3      | Reached skill level 4 in Fighting
  1534 | D:3      | Found a sparkling altar of Nemelex Xobeh.
  1738 | D:4      | Reached XP level 6. HP: 31/38 MP: 6/6
  2096 | D:4      | Reached XP level 7. HP: 44/44 MP: 7/7
  2125 | D:4      | Reached skill level 5 in Fighting
  2135 | D:4      | Found a deep blue altar of Sif Muna.
  2268 | D:5      | Entered Level 5 of the Dungeon
  2294 | D:4      | Reached skill level 5 in Maces & Flails
  2629 | D:5      | Noticed moogleknight's ghost (novice DDFi)
  2937 | D:5      | Found Gozag's Platinum Reserve.
  2937 | D:5      | Found an opulent altar of Gozag.
  3044 | D:4      | Reached skill level 5 in Armour
  3481 | D:5      | Found an ancient bone altar of Kikubaaqudgha.
  3961 | D:5      | Reached XP level 8. HP: 46/51 MP: 8/8
  4024 | D:6      | Reached skill level 6 in Fighting
  4180 | D:6      | Found a shimmering altar of Xom.
  4313 | D:6      | Found a shimmering altar of Xom.
  4497 | D:6      | Noticed Crazy Yiuf
  4503 | D:6      | Killed Crazy Yiuf
  4554 | D:6      | Reached skill level 7 in Fighting
  4588 | D:6      | Found a white marble altar of Elyvilon.
  4725 | D:7      | Found a staircase to the Ecumenical Temple.
  4737 | Temple   | Entered the Ecumenical Temple
  4881 | D:7      | Reached XP level 9. HP: 53/57 MP: 9/9
  5371 | D:7      | Noticed Pikel
  5405 | D:7      | Killed Pikel
  5405 | D:7      | Reached skill level 8 in Fighting
  5494 | D:7      | Noticed ARFLORD's ghost (novice HuFi)
  5793 | D:7      | Found Igim's Distillery.
  5998 | D:7      | Gained mutation: Armour fits poorly on your strangely shaped body. [mutagenic meat]
  5999 | D:7      | Gained mutation: You are somewhat resistant to further mutation. [mutagenic meat]
  6001 | D:7      | Gained mutation: Your spells are a little easier to cast, but a little less powerful. [mutagenic meat]
  6005 | D:7      | Found Zin's Purification Station.
  6008 | D:7      | Found a glowing silver altar of Zin.
  6039 | D:7      | Found Zakin's Antique Weapon Emporium.
  6266 | D:8      | Found a basalt altar of Yredelemnul.
  6445 | D:8      | Found a shattered altar of Ashenzari.
  6454 | D:8      | Reached XP level 10. HP: 49/65 MP: 10/10
  6469 | D:8      | Found a sacrificial altar of Ru.
  6486 | D:8      | Reached skill level 9 in Fighting
  6564 | D:8      | Became a worshipper of Ru the Awakened
  6783 | D:8      | Found an opulent altar of Gozag.
  6902 | D:8      | Found a sparkling altar of Nemelex Xobeh.
  7024 | D:8      | Found a snail-covered altar of Cheibriados.
  7693 | D:9      | Found an oddly glowing altar of Pakellas.
  7783 | D:9      | Reached skill level 10 in Fighting
  8003 | D:9      | Noticed a cyan ugly thing
  8026 | D:9      | Killed a cyan ugly thing
  8093 | D:9      | HP: 3/68 [orc priest/divine providence (9)]
  8097 | D:9      | Killed from afar by an orc priest

Skill      XL: |  1  2  3  4  5  6  7  8  9 10 |
---------------+-------------------------------+-----
Armour         | 1 2 3 4 5 7 8 9 |  9.9
Fighting       | 3 4 5 7 8 10 | 10.2
Maces & Flails | 4 5 7 8 9 |  9.7
Throwing       | |  1.7
Dodging        | |  2.4

Action                   |  1- 3 |  4- 6 |  7- 9 | 10-12 || total
-------------------------+-------+-------+-------+-------++-------
Melee: Flail             |    97 |   275 |   600 |   276 ||  1248
  Eat: Chunk             |       |     5 |    19 |     9 ||    33
Armor: Leather armour    |    34 |       |       |       ||    34
       Scale mail        |    25 |    32 |       |       ||    57
       Chain mail        |       |   157 |   512 |   159 ||   828
Dodge: Dodged            |    77 |   180 |   342 |   127 ||   726
Block: Other             |       |    13 |    60 |    12 ||    85
       Reflection        |       |     1 |     2 |     1 ||     4
